 Dungeon Crawl Stone Soup version 0.31-a0-705-ga145531891 (webtiles) character file.

Game seed: 10459350454140144312

574843 RepHenryClay the Executioner (level 27, -5/220 HPs)
             Began as a Gnoll Reaver on Sept 7, 2023.
             Was the Champion of Cheibriados.
             Splashed by an acid blob's acid (7 damage)
             ... on level 5 of the Pits of Slime on Sept 10, 2023.
             The game lasted 03:48:27 (76326 turns).

RepHenryClay the Executioner (Gnoll Reaver)        Turns: 76326, Time: 03:48:27

Health: -5/220     AC:  0    Str: 35    XL:     27
Magic:  39/46      EV: 39    Int: 35    God:    Cheibriados [******]
Gold:   2029       SH:  5    Dex: 40    Spells: 9/64 levels left

rFire   + + +        b - +7 lajatang of Order {silver, rMut}
rCold   + . .        (shield currently unavailable)
rNeg    . . .        A - quicksilver dragon scales
rPois   .            W - +0 helmet "Ecamisch" {rF+ rC+ Int+3 SInv}
rElec   +            B - scarf of Sloth {rC+ rF+, Str+5}
rCorr   .            z - +2 pair of gloves {hurl}
SInv    +            w - +0 pair of boots of Eqyataos {Fly Regen+ Dex+3 Stlth+}
Will    ++++.        q - amulet of reflection
Stlth   +++++++++    X - ring of Zudu {Wiz Fly Dex+3}
HPRegen 2.16/turn    r - ring of Sloth {Fire rElec Will+ Str+2 Int+2}
MPRegen 0.30/turn

%: reflection, resist mutation, wizardry (x1)
@: about to teleport, corroded, flying, studying Axes, very slow
A: fangs 1, strong nose, distributed training, clumsy 1, regeneration 1
}: 3/15 runes: decaying, silver, gossamer
a: Renounce Religion, Bend Time, Temporal Distortion, Slouch, Step From Time


You were on level 5 of the Pits of Slime.
You worshipped Cheibriados.
Cheibriados was exalted by your worship.
You visited 11 branches of the dungeon, and saw 53 of its levels.
You visited the Abyss 1 time.
You visited 1 bazaar.
You also visited: Trove, Ossuary, Volcano and Desolation.

You collected 9461 gold pieces.
You spent 7432 gold pieces at shops.

Inventory:

Hand Weapons
 a - a +9 eudemon blade of holy wrath
 b - the +7 lajatang of Order (weapon) {silver, rMut}
   (You bought it in a shop on level 4 of the Dungeon)

   rMut:      It protects you from mutation.
 U - a +7 demon trident of flaming
Missiles
 s - 25 poisoned darts (quivered)
 y - 5 throwing nets
 G - 4 curare-tipped darts
Armour
 w - the +0 pair of boots of Eqyataos (worn) {Fly Regen+ Dex+3 Stlth+}
   (You acquired it on level 1 of the Depths)

   Dex+3:     It affects your dexterity (+3).
   Fly:       It grants you flight.
   Regen+:    It increases your rate of health regeneration.
   Stlth+:    It makes you more stealthy.
 z - a +2 pair of gloves of hurling (worn)
 A - quicksilver dragon scales (worn)
 B - the scarf of Sloth (worn) {rC+ rF+, Str+5}
   (You found it on level 4 of the Spider Nest)

   Str+5:     It affects your strength (+5).
 I - the +3 kite shield of Gehenna {rCorr}
   (You acquired it on level 3 of the Elven Halls)

   rCorr:     It protects you from acid and corrosion.
 L - the +0 hat of Honesty {rC+ Regen+ Int-2}
   (You bought it in a shop on level 2 of the Dungeon)

   Int-2:     It affects your intelligence (-2).
   rC+:       It protects you from cold.
   Regen+:    It increases your rate of health regeneration.
 T - the +2 pair of boots of Hinous {*Corrode rElec rF+}
   (You found it on level 15 of the Dungeon)

   rF+:       It protects you from fire.
   rElec:     It insulates you from electricity.
   *Corrode:  It may corrode you when you take damage.
 W - the +0 helmet "Ecamisch" (worn) {rF+ rC+ Int+3 SInv}
   (You bought it in a shop on level 2 of the Orcish Mines)

   Int+3:     It affects your intelligence (+3).
   rF+:       It protects you from fire.
   rC+:       It protects you from cold.
   SInv:      It lets you see invisible.
Magical Staves
 m - a staff of air
 C - the staff of the Sage {Fly rElec rC+ rN+ Will+ Necro}
   (You found it in the Desolation of Salt)

   [staff of death]

   Base accuracy: +5 Base damage: 5 Base attack delay: 1.2 This weapon's minimum
   attack delay (0.6) is reached at skill level 12.
   rC+:       It protects you from cold.
   rElec:     It insulates you from electricity.
   rN+:       It protects you from negative energy.
   Will+:     It increases your willpower.
   Fly:       It grants you flight.
   Necro:     It increases the power of your Necromancy spells.
   It falls into the 'Staves' category.
   It is a one-handed weapon.
 Q - the staff "Cuzxuq" {rF+ Will+ Int+2 SInv Fire}
   (You found it on level 4 of the Vaults)

   [staff of fire]

   Base accuracy: +5 Base damage: 5 Base attack delay: 1.2 This weapon's minimum
   attack delay (0.6) is reached at skill level 12.
   Int+2:     It affects your intelligence (+2).
   rF+:       It protects you from fire.
   Will+:     It increases your willpower.
   SInv:      It lets you see invisible.
   Fire:      It increases the power of your Fire spells.
   It falls into the 'Staves' category.
   It is a one-handed weapon.
Jewellery
 q - an amulet of reflection (around neck)
 r - the ring of Sloth (right hand) {Fire rElec Will+ Str+2 Int+2}
   (You found it in the Desolation of Salt)

   [ring of fire]

   Fire:      It enhances your fire magic.
   Str+2:     It affects your strength (+2).
   Int+2:     It affects your intelligence (+2).
   rF+:       It protects you from fire.
   rC-:       It makes you vulnerable to cold.
   rElec:     It insulates you from electricity.
   Will+:     It increases your willpower.
 t - the ring "Nokhlen" {rF++ rN+}
   (You found it in a treasure trove)

   [ring of positive energy]

   rF++:      It greatly protects you from fire.
   rN+:       It protects you from negative energy.
 u - the ring "Gott" {rN+ Will+}
   (You found it in a treasure trove)

   [ring of positive energy]

   rN+:       It protects you from negative energy.
   Will+:     It increases your willpower.
 N - the ring of Wu Jian's Displeasure {rPois Str+2 Int+6}
   (You took it off a deep elf pyromancer on level 3 of the Elven Halls)

   [ring of intelligence]

   Str+2:     It affects your strength (+2).
   Int+6:     It affects your intelligence (+6).
   rPois:     It protects you from poison
 V - the ring of the Tortoise {AC+8}
   (You found it on level 2 of the Realm of Zot)

   [ring of protection]

   AC+8:      It affects your AC (+8).
 X - the ring of Zudu (left hand) {Wiz Fly Dex+3}
   (You took it off a vault guard on level 5 of the Vaults)

   [ring of wizardry]

   Wiz:       It improves your spell success rate.
   Dex+3:     It affects your dexterity (+3).
   Fly:       It grants you flight.
Talismans
 J - a granite talisman
Wands
 h - a wand of iceblast (34)
 D - a wand of paralysis (58)
 H - a wand of digging (33)
 M - a wand of flame (57)
 S - a wand of quicksilver (39)
 Z - a wand of mindburst (2)
Scrolls
 c - 21 scrolls of amnesia
 d - a scroll of butterflies
 f - 7 scrolls of fog
 g - 17 scrolls of immolation
 k - 6 scrolls of blinking
 l - 9 scrolls of enchant armour
 n - 5 scrolls of brand weapon
 o - 5 scrolls of teleportation
 P - 3 scrolls of fear
Potions
 e - 8 potions of brilliance
 i - 15 potions of curing
 j - 3 potions of cancellation
 p - 9 potions of heal wounds
 v - 6 potions of magic
 x - 11 potions of ambrosia
 E - 3 potions of might
 K - 6 potions of mutation
 O - 4 potions of enlightenment
 R - 5 potions of resistance
Miscellaneous
 F - a lightning rod (4/4)
 Y - a condenser vane


   Skills:
 + Level 18.9 Fighting
 + Level 19.3 Short Blades
 + Level 18.4 Long Blades
 + Level 24.0 Axes
 + Level 18.4 Maces & Flails
 + Level 18.4 Polearms
 + Level 18.4 Staves
 + Level 18.4 Ranged Weapons
 + Level 18.4 Throwing
 + Level 18.4 Armour
 + Level 18.9 Dodging
 + Level 18.4 Stealth
 + Level 18.4 Shields
 + Level 18.4 Unarmed Combat
 + Level 19.0 Spellcasting
 + Level 16.5 Conjurations
 + Level 15.7 Hexes
 + Level 15.7 Summonings
 + Level 15.7 Necromancy
 + Level 15.7 Translocations
 + Level 15.7 Transmutations
 + Level 15.7 Fire Magic
 + Level 15.7 Ice Magic
 + Level 15.7 Air Magic
 + Level 15.7 Earth Magic
 + Level 15.7 Poison Magic
 + Level 19.9 Invocations
 + Level 18.4 Evocations
 + Level 17.0 Shapeshifting


You had 9 spell levels left.
You knew the following spells:

 Your Spells              Type           Power      Damage    Failure   Level
a - Lehudib's Crystal Sp  Conj/Erth      49%        10d12     4%          8
b - Arcjolt               Conj/Air       49%        1d59      1%          5
e - Manifold Assault      Tloc           97%        N/A       0%          4
f - Alistair's Intoxicat  Tmut/Pois      64%        N/A       1%          5
g - Fireball              Conj/Fire      60%        3d23      1%          5
h - Plasma Beam           Fire/Air       60%        2x1d76    1%          6
i - Lesser Beckoning      Tloc           100%       N/A       0%          2
j - Vhi's Electric Charg  Tloc/Air       100%       N/A       0%          4
k - Ignition              Fire           60%        3d16      4%          8
l - Maxwell's Capacitive  Air            48%        ∞         4%          8

Your spell library contained the following spells:

 Spells                   Type           Power      Damage    Failure   Level
 Apportation              Tloc           100%       N/A       0%          1
 Freeze                   Ice            100%       1d10      0%          1
 Kiss of Death            Conj/Necr      100%       2d13      0%          1
 Magic Dart               Conj           100%       1d8       0%          1
 Sandblast                Erth           100%       2d20      0%          1
 Slow                     Hex            100%       N/A       0%          1
 Sting                    Tmut/Pois      100%       1d8       0%          1
 Ensorcelled Hibernation  Hex/Ice        100%       N/A       0%          2
 Jinxbite                 Hex            100%       N/A       0%          2
 Momentum Strike          Conj/Tloc      100%       3d10      0%          2
 Passwall                 Tmut/Erth      80%        N/A       0%          2
 Poisonous Vapours        Pois/Air       100%       N/A       0%          2
 Scorch                   Fire           100%       2d9       0%          2
 Searing Ray              Conj           100%       2d8       0%          2
 Sublimation of Blood     Necr           97%        N/A       0%          2
 Wereblood                Tmut           97%        N/A       0%          2
 Confusing Touch          Hex            97%        N/A       0%          3
 Dazzling Flash           Conj/Hex       100%       N/A       0%          3
 Frozen Ramparts          Ice            100%       1d16      0%          3
 Gell's Gravitas          Tloc           97%        N/A       0%          3
 Hailstorm                Conj/Ice       98%        3d19      0%          3
 Ignite Poison            Fire/Tmut/Pois 100%       N/A       0%          3
 Inner Flame              Hex/Fire       100%       N/A       0%          3
 Ozocubu's Armour         Ice            97%        N/A       0%          3
 Sigil of Binding         Hex            97%        N/A       0%          3
 Stone Arrow              Conj/Erth      100%       3d13      0%          3
 Summon Guardian Golem    Hex/Summ       97%        N/A       0%          3
 Teleport Other           Tloc           97%        N/A       0%          3
 Tukima's Dance           Hex            97%        N/A       0%          3
 Vampiric Draining        Necr           97%        2d12      0%          3
 Anguish                  Hex/Necr       48%        N/A       0%          4
 Animate Armour           Summ/Erth      100%       N/A       0%          4
 Cause Fear               Hex            48%        N/A       0%          4
 Dimensional Bullseye     Hex/Tloc       48%        N/A       0%          4
 Dispel Undead            Necr           97%        3d30      0%          4
 Flame Wave               Conj/Fire      100%       2d21      0%          4
 Fulminant Prism          Conj/Hex       49%        3d20      0%          4
 Iskenderun's Mystic Bla  Conj/Tloc      98%        2d19      0%          4
 Leda's Liquefaction      Hex/Erth       48%        N/A       0%          4
 Olgreb's Toxic Radiance  Pois           97%        N/A       0%          4
 Petrify                  Tmut/Erth      97%        N/A       0%          4
 Sticky Flame             Conj/Fire      100%       2d11      0%          4
 Summon Ice Beast         Ice/Summ       97%        N/A       0%          4
 Summon Lightning Spire   Summ/Air       97%        N/A       0%          4
 Agony                    Necr           97%        N/A       1%          5
 Borgnjor's Vile Clutch   Necr/Erth      48%        N/A       1%          5
 Freezing Cloud           Conj/Ice/Air   49%        6-21      1%          5
 Irradiate                Conj/Tmut      49%        3d28      1%          5
 Iskenderun's Battlesphe  Conj           99%        2d15      1%          5
 Lee's Rapid Deconstruct  Erth           48%        3d23*     1%          5
 Summon Forest            Summ/Tloc      48%        N/A       1%          5
 Summon Mana Viper        Hex/Summ       97%        N/A       1%          5
 Yara's Violent Unravell  Hex/Tmut       48%        3d19      1%          5
 Conjure Ball Lightning   Conj/Air       49%        3x3d17    1%          6
 Dispersal                Tloc           48%        N/A       1%          6
 Eringya's Noxious Bog    Tmut/Pois      48%        4d6       1%          6
 Leda's Unmaking          Conj/Erth      49%        9d8       1%          6
 Simulacrum               Ice/Necr       48%        N/A       1%          6
 Summon Cactus Giant      Summ           48%        N/A       1%          6
 Enfeeble                 Hex            48%        N/A       1%          7
 Monstrous Menagerie      Summ           48%        N/A       1%          7
 Orb of Destruction       Conj           49%        9d13      1%          7
 Ozocubu's Refrigeration  Ice            48%        4d18      1%          7
 Spellforged Servitor     Conj/Summ      49%        N/A       1%          7
 Summon Hydra             Summ           48%        N/A       1%          7
 Disjunction              Tloc           48%        N/A       4%          8
 Chain Lightning          Conj/Air       49%        3d65      52%         9
 Fire Storm               Conj/Fire      60%        8d15      52%         9
 Dragon's Call            Summ           48%        N/A       56%         9
 Shatter                  Erth           48%        3d37*     56%         9


Dungeon Overview and Level Annotations

Branches:
Dungeon (15/15)            Temple (1/1) D:5            Lair (5/5) D:8
  Swamp (4/4) Lair:2       Spider (4/4) Lair:3        Slime (5/5) Lair:5
    Orc (2/2) D:12            Elf (3/3) Orc:2        Vaults (5/5) D:14
  Crypt (0/3) Vaults:3     Depths (4/4) D:15            Zot (5/5) Depths:4
Ossuary (visited)         Volcano (visited)         Desolation (visited)

Altars:
Ashenzari
Cheibriados
Dithmenos
Elyvilon
Fedhas
Gozag
Hepliaklqana
Kikubaaqudgha
Makhleb
Nemelex Xobeh
Okawaru
Qazlal
Ru
Sif Muna
Trog
Uskayaw
Vehumet
Wu Jian
Xom
Yredelemnul
Zin
The Shining One
Jiyva

Shops:
D:2 ([   D:3 *   D:4 =*(   D:11 [(*   Orc:2 *=([   Elf:1 [   Elf:2 *
Vaults:5 (   Zot:2 **   Depths:1 ?[   Depths:2 ?

Portals:
Hell: Depths:1 Depths:2 Depths:3 Depths:4
Abyss: Depths:3 Depths:4
Pandemonium: Depths:2 Depths:4
Ziggurat: Depths:3

Annotations:
D:7 1 runed translucent door, HilariousDeathArtist's ghost, novice DrSh
Temple 2 transporters
Slime:5 Royal Jelly
Depths:2 5 runed translucent doors, Xolotl's ghost, veteran DsEE
Zot:3 5 transporters


Innate Abilities, Weirdness & Mutations

You have very sharp teeth.
Your uncanny sense of smell can sniff out nearby items.
Your experience applies equally to all skills.
You are clumsy. (Dex -2)
Your natural rate of healing is unusually fast.


Message History

The acid blob jiggles.
The acid blob spits acid at you. The splash of acid hits you!
You block the acid blob's attack. The acid blob spits acid at you.
The splash of acid hits you!!
* * * LOW HITPOINT WARNING * * *
The acid corrodes you!
Huge Dmg: -19%(-40hp) hp: 36%(79hp) Level annotation: Royal Jelly Welcome back, RepHenryClay the Gnoll Reaver.
Cheibriados says: Take it easy.
Press ? for a list of commands and other information.
You slice the acid blob!!
You kill the acid blob!
Cheibriados appreciates the change of pace.
The acid blob hits you!!
* * * LOW HITPOINT WARNING * * *
The acid corrodes you!
You are splashed with acid!
* * * LOW HITPOINT WARNING * * *
Huge Dmg: -14%(-31hp) hp: 22%(48hp) Level annotation: Royal Jelly Welcome back, RepHenryClay the Gnoll Reaver.
Cheibriados says: Take it easy.
Press ? for a list of commands and other information.
As you read the scroll of teleportation, it crumbles to dust.
You feel strangely unstable. The acid blob hits you!
* * * LOW HITPOINT WARNING * * *
The acid corrodes you!
You are splashed with acid!
* * * LOW HITPOINT WARNING * * *
The great orb of eyes completely misses you.
Huge Dmg: -6%(-14hp) hp: 16%(34hp) Level annotation: Royal Jelly Welcome back, RepHenryClay the Gnoll Reaver.
Cheibriados says: Take it easy.
Press ? for a list of commands and other information.
The acid blob attacks as it pursues you!
The acid blob closely misses you. The acid blob hits you!!!
* * * LOW HITPOINT WARNING * * *
The acid corrodes you!
You are splashed with acid!
You die... #. .# ∆∆∆ ##. .. ∆∆∆ #.###. ## ##### .# ..#.. #. .#.. ... ...J .#... #.. #GJ

...# ##.###.###G######
∆##..#.GJ#..##:($# ...
∆∆#.....#GJJ@.#[$(# .#.
∆∆∆#..##..G##..#[:)# ... ###
##.########## ##.##
#∆∆∆#...#)/)##### #...# ∆
∆∆∆#.#.#$$)###### #...#
∆∆∆#...#$//###### #...#
######.###############.#####
#...#...#... ###...#...#...
#.....#.....# #...........


You could see the Royal Jelly, 2 acid blobs and 4 great orbs of eyes.

Vanquished Creatures
  An ancient lich (Zot:4)
  A dread lich (Vaults:5)
  An orb of fire (Zot:2)
  Mara (Swamp:4)
  Mennas (Vaults:3)
  A juggernaut (Zot:4)
  The ghost of Toid the Slayer, a veteran OgBe of Trog (Zot:1)
  The ghost of Ygyeth Femmu the Hoplite, a veteran MiBe of Trog (Zot:2)
  Parghit (Zot:1)
  Boris (twice) (Vaults:4 Vaults:5)
  Saint Roka (Vaults:1)
  Bai Suzhen (Swamp:3)
  4 curse toes
  A caustic shrike (Depths:3)
  10 golden dragons
  Nikola (Vaults:1)
  Jory (Depths:4)
  Norris (Depths:3)
  3 bone dragons
  21 tentacled monstrosities
  2 electric golems (Zot:4)
  Mlioglotl (Spider:4)
  5 liches
  2 walking earthen tomes
  A deep elf blademaster (Elf:3)
  A deep elf master archer (Elf:3)
  8 quicksilver dragons
  6 titans
  3 sphinxes
  A walking divine tome (Depths:3)
  13 death cobs
  Frances (D:13)
  14 storm dragons
  The ghost of Movesim the Warrior, an adept DjAE of Hepliaklqana (Spider:3)
  9 acid blobs
  5 tengu reavers
  Gastronok (Lair:1)
  Roxanne (Swamp:2)
  2 thorn hunters (Swamp:4)
  4 azure jellies
  9 shadow dragons
  3 draconian monks
  Kirke (D:15)
  5 rockslimes
  5 draconian knights
  A fenstrider witch (Swamp:4)
  9 deep elf sorcerers
  8 fire giants
  7 emperor scorpions
  The ghost of Ygoiz the Grappler, a journeyman TrSh of Cheibriados (D:15)
  6 ghost moths
  8 frost giants
  3 iron dragons
  6 draconian scorchers
  Louise (D:14)
  13 vault wardens
  2 deep elf elementalists (Elf:3)
  7 draconian shifters
  2 draconian stormcallers (Zot:2)
  21 ironbound preservers
  An orc warlord (Vaults:2)
  16 stone giants
  4 quicksilver oozes
  2 broodmothers (Spider:3)
  2 war gargoyles
  8 formless jellyfish
  3 draconian annihilators
  7 ironbound thunderhulks
  A formless jellyfish (shapeshifter) (Zot:2)
  10 very ugly things
  6 vampire knights
  9 green draconians
  2 bunyips (Swamp:2)
  10 dire elephants
  9 purple draconians
  4 eleionomae
  8 deep elf demonologists
  14 black draconians
  10 deep elf annihilators
  3 halazid warlocks (Desolation)
  5 yellow draconians
  10 white draconians
  4 deep elf death magi
  3 spark wasps
  2 eidola (Vaults:4)
  11 red draconians
  12 fire dragons
  12 ettins
  3 crystal guardians
  Josephine (Orc:1)
  11 entropy weavers
  2 shambling mangroves
  15 yaktaur captains
  9 great orbs of eyes
  12 deep elf high priests
  9 ice dragons
  24 hydras
  2 spriggan air magi
  5 ragged hierophants (Desolation)
  2 ghost crabs (Swamp:2)
  9 ironbound frosthearts
  5 servants of whispers (Desolation)
  11 peacekeepers
  28 vault guards
  5 rakshasas
  Erica (Lair:1)
  22 two-headed ogres
  13 centaur warriors
  6 ogre magi
  7 boulder beetles
  6 radroaches
  6 alligators
  3 vampire magi (Depths:2)
  A death yak (shapeshifter) (Vaults:3)
  2 death scarabs (Spider:3)
  5 demonic crawlers
  8 tengu warriors
  Urug (D:12)
  3 deep troll shamans
  32 dancing weapons
  13 hell knights
  9 deep troll earth magi
  A spectral emperor scorpion (Spider:3)
  A spriggan berserker (Swamp:4)
  14 deep elf knights
  A wretched star (Abyss:3)
  2 skysharks
  4 pharaoh ants
  A sun demon (Depths:1)
  3 iron trolls
  3 goliath frogs
  A skeletal warrior (D:14)
  5 sun moths
  A spriggan druid (Swamp:2)
  7 glowing orange brains
  6 bog bodies
  A golden dragon zombie (Depths:3)
  12 orb spiders
  A spectral wolf spider (Spider:3)
  A goliath frog (shapeshifter) (D:15)
  9 deep elf archers
  3 flayed ghosts
  14 swamp dragons
  62 deep trolls
  10 wizards
  7 steelbarb worms
  12 lindwurms
  21 ironbound convokers
  7 phantasmal warriors
  Pikel (D:8)
  22 deep elf pyromancers
  A golden dragon skeleton (Depths:3)
  6 necromancers
  4 harpies (Vaults:1)
  2 tengu zombies
  16 deep elf zephyrmancers
  A manticore (shapeshifter) (Depths:3)
  21 wolf spiders
  52 ugly things
  An obsidian statue (Zot:2)
  4 will-o-the-wisps
  5 orc knights
  4 orc sorcerers
  26 moths of wrath
  6 cyclopes
  2 wolf spiders (shapeshifter)
  5 manticores
  2 shining eyes
  A salamander (shapeshifter) (Elf:3)
  6 elephants (Lair:5)
  A guardian serpent (Desolation)
  2 black mambas
  22 vault sentinels
  A gargoyle (D:13)
  9 torpor snails
  6 cane toads
  4 eyes of devastation
  2 yaktaur zombies (Vaults:1)
  An emperor scorpion simulacrum (Spider:3)
  Jeremiah (D:6)
  Maggie (Lair:1)
  29 yaktaurs
  An orange demon (Abyss:3)
  2 unseen horrors (D:13)
  9 komodo dragons
  4 kobold demonologists
  2 rime drakes
  A freezing wraith (D:14)
  2 guardian mummies (D:10)
  2 ghost moth simulacra (Spider:3)
  6 trolls
  10 meliai
  2 bloated husks
  5 tengu conjurers
  4 polar bears
  A queen bee (shapeshifter) (Elf:1)
  A queen bee (Spider:4)
  38 saltlings (Desolation)
  17 tarantellas
  14 tyrant leeches
  21 hornets
  2 wolf spider simulacra (Spider:3)
  13 blink frogs
  5 large abominations
  99 slime creatures
  A centaur simulacrum (D:15)
  A human simulacrum (Vaults:3)
  A jumping spider (shapeshifter) (Depths:2)
  3 air elementals
  Sigmund (D:2)
  6 spriggans
  16 jumping spiders
  A shadow (D:11)
  16 culicivoras
  A culicivora (shapeshifter) (D:14)
  6 water elementals
  11 wraiths
  2 vampires
  85 yaks
  3 hogs (D:15)
  4 golden eyes
  3 wyverns
  3 fire bats (Lair:2)
  7 basilisks
  9 small abominations
  2 fire elementals
  55 redbacks
  21 vampire mosquitoes
  3 chaos spawn (Depths:3)
  2 steam dragons
  A glowing shapeshifter zombie (Depths:3)
  A spectral entropy weaver (Spider:3)
  2 wargs
  6 acid dragons
  18 swamp worms
  14 water moccasins
  Duvessa (D:5)
  3 floating eyes
  2 sky beasts
  3 black bears
  14 swamp drakes
  16 orc warriors
  A tengu (shapeshifter) (Vaults:5)
  22 ogres
  14 wolves
  A boggart (Vaults:1)
  A phantom (D:6)
  6 centaurs
  2 lemures (D:8)
  5 kobold brigands
  12 bullfrogs
  6 gnoll sergeants
  An earth elemental (Elf:2)
  11 wights
  Dowan (D:5)
  28 killer bees
  2 electric eels (D:15)
  5 howler monkeys
  A crimson imp (D:11)
  2 human zombies
  9 jellies (Slime:4)
  5 hounds
  A hound (shapeshifter) (Depths:4)
  9 orc priests
  2 sleepcaps
  5 iguanas (Lair:5)
  13 orc wizards
  9 hell rats (Lair:1)
  2 mummies (Ossuary)
  9 adders
  32 gnolls
  18 river rats (Lair:1)
  A shadow imp (D:6)
  2 white imps
  2 adder zombies (Ossuary)
  2 worms
  A dart slug (D:2)
  60 orcs
  5 endoplasms
  4 giant cockroaches
  12 goblins
  16 hobgoblins
  26 kobolds
  5 quokkas
  3 ball pythons
  7 bats
  2 frilled lizards
  A goblin zombie (Ossuary)
  10 hobgoblin zombies (Ossuary)
  A jackal zombie (Ossuary)
  11 kobold zombies (Ossuary)
  11 orc zombies (Ossuary)
  18 rats
  A butterfly (Lair:4)
  A spectral weapon (Vaults:5)
2252 creatures vanquished.

Vanquished Creatures (others)
  A fire dragon (Zot:2)
  A ragged hierophant (Desolation)
  An ogre mage (D:15)
  A two-headed ogre (D:15)
  A steelbarb worm (Spider:1)
  2 bloated husks (Swamp:1)
  A jumping spider (Spider:1)
  A human (D:15)
  A swamp worm (Swamp:1)
  An orc wizard (D:3)
  A ball python (D:3)
  16 foxfires
  10 spectral weapons (Vaults:5)
38 creatures vanquished.

Grand Total: 2290 creatures vanquished

Notes
Turn   | Place    | Note
-------+----------+-------------------------------------------
     0 | D:1      | RepHenryClay the Gnoll Reaver began the quest for the Orb.
     0 | D:1      | Reached XP level 1. HP: 20/20 MP: 6/6
   248 | D:1      | Reached XP level 2. HP: 26/26 MP: 7/7
   460 | D:1      | Learned a level 2 spell: Momentum Strike
   949 | D:2      | Reached XP level 3. HP: 31/31 MP: 9/9
   960 | D:2      | Reached skill level 5 in Spellcasting
  1011 | D:1      | Reached skill level 1 in Invocations
  1145 | D:2      | Reached skill level 1 in Long Blades
  1145 | D:2      | Reached skill level 1 in Axes
  1145 | D:2      | Reached skill level 1 in Maces & Flails
  1145 | D:2      | Reached skill level 1 in Polearms
  1145 | D:2      | Reached skill level 1 in Staves
  1145 | D:2      | Reached skill level 1 in Ranged Weapons
  1145 | D:2      | Reached skill level 1 in Throwing
  1145 | D:2      | Reached skill level 1 in Armour
  1145 | D:2      | Reached skill level 1 in Stealth
  1145 | D:2      | Reached skill level 1 in Shields
  1145 | D:2      | Reached skill level 1 in Unarmed Combat
  1145 | D:2      | Reached skill level 1 in Evocations
  1212 | D:2      | Reached XP level 4. HP: 15/32 MP: 11/11
  1317 | D:2      | Reached skill level 1 in Shapeshifting
  1481 | D:2      | Noticed Sigmund
  1599 | D:2      | Found Doid's Antique Armour Boutique.
  1685 | D:2      | Found Lusutemn's Weapon Boutique.
  1790 | D:3      | Found Voger's Assorted Antiques.
  1933 | D:2      | Learned a level 3 spell: Stone Arrow
  1959 | D:2      | Reached skill level 1 in Hexes
  1959 | D:2      | Reached skill level 1 in Summonings
  1959 | D:2      | Reached skill level 1 in Necromancy
  1959 | D:2      | Reached skill level 1 in Translocations
  1959 | D:2      | Reached skill level 1 in Transmutations
  1959 | D:2      | Reached skill level 1 in Fire Magic
  1959 | D:2      | Reached skill level 1 in Ice Magic
  1959 | D:2      | Reached skill level 1 in Air Magic
  1959 | D:2      | Reached skill level 1 in Earth Magic
  1959 | D:2      | Reached skill level 1 in Poison Magic
  2356 | D:3      | Reached XP level 5. HP: 23/28 MP: 10/12
  2434 | D:3      | HP: 1/32 [orc priest/+0 short sword (3)]
  2797 | D:3      | Found an ancient bone altar of Kikubaaqudgha.
  2797 | D:3      | Found an opulent altar of Gozag.
  2798 | D:3      | Found a radiant altar of Vehumet.
  2902 | D:4      | Found Mypepn's Antique Weapon Boutique.
  3029 | D:4      | Found a glowing golden altar of the Shining One.
  3076 | D:4      | Found Jakhleg's General Store.
  3085 | D:4      | Found Corhoptu's Jewellery Shop.
  3107 | D:4      | Bought a scroll of teleportation for 42 gold pieces
  3107 | D:4      | Bought a potion of heal wounds for 70 gold pieces
  3450 | D:5      | Entered Level 5 of the Dungeon
  3472 | D:5      | You fall into a shaft and drop 2 floors!
  3483 | D:6      | Noticed a phantom
  3483 | D:6      | Found a sand-covered staircase.
  3489 | Ossuary  | Entered an ossuary
  3735 | Ossuary  | Reached XP level 6. HP: 26/38 MP: 4/13
  3843 | Ossuary  | Reached skill level 5 in Fighting
  3843 | Ossuary  | Reached skill level 5 in Dodging
  4058 | D:6      | Reached skill level 2 in Axes
  4077 | D:6      | Found a sacrificial altar of Ru.
  4411 | D:5      | Noticed Dowan
  4449 | D:5      | Reached XP level 7. HP: 46/54 MP: 2/15
  4501 | D:4      | Reached skill level 5 in Long Blades
  4501 | D:4      | Reached skill level 5 in Axes
  4501 | D:4      | Reached skill level 5 in Maces & Flails
  4501 | D:4      | Reached skill level 5 in Polearms
  4501 | D:4      | Reached skill level 5 in Staves
  4501 | D:4      | Reached skill level 5 in Ranged Weapons
  4501 | D:4      | Reached skill level 5 in Throwing
  4501 | D:4      | Reached skill level 5 in Armour
  4501 | D:4      | Reached skill level 5 in Stealth
  4501 | D:4      | Reached skill level 5 in Shields
  4501 | D:4      | Reached skill level 5 in Unarmed Combat
  4501 | D:4      | Reached skill level 5 in Invocations
  4501 | D:4      | Reached skill level 5 in Evocations
  4501 | D:4      | Reached XP level 8. HP: 65/65 MP: 9/18
  4502 | D:4      | Reached skill level 6 in Axes
  4502 | D:4      | Reached skill level 5 in Hexes
  4502 | D:4      | Reached skill level 5 in Summonings
  4502 | D:4      | Reached skill level 5 in Necromancy
  4502 | D:4      | Reached skill level 5 in Translocations
  4502 | D:4      | Reached skill level 5 in Transmutations
  4502 | D:4      | Reached skill level 5 in Fire Magic
  4502 | D:4      | Reached skill level 5 in Ice Magic
  4502 | D:4      | Reached skill level 5 in Air Magic
  4502 | D:4      | Reached skill level 5 in Earth Magic
  4502 | D:4      | Reached skill level 5 in Poison Magic
  4502 | D:4      | Reached skill level 5 in Shapeshifting
  4502 | D:4      | Reached XP level 9. HP: 72/72 MP: 10/21
  4638 | D:5      | Noticed Duvessa
  4662 | D:5      | Killed Duvessa
  4737 | D:5      | Killed Dowan
  4817 | D:5      | Found a staircase to the Ecumenical Temple.
  4826 | Temple   | Found a transporter.
  4826 | Temple   | Found a transporter.
  4826 | Temple   | Found a transporter.
  4826 | Temple   | Found a transporter.
  4826 | Temple   | Entered the Ecumenical Temple
  4838 | Temple   | Became a worshipper of Cheibriados the Contemplative
  4871 | D:5      | Learned a level 5 spell: Iskenderun's Battlesphere
  5512 | D:6      | Reached * piety under Cheibriados
  5888 | D:6      | Noticed Jeremiah
  5902 | D:6      | Killed Jeremiah
  6706 | D:7      | Found a runed translucent door.
  7014 | D:7      | Noticed HilariousDeathArtist's ghost (novice DrSh)
  7319 | D:8      | Reached ** piety under Cheibriados
  7411 | D:8      | Noticed Pikel
  7434 | D:8      | Killed Pikel
  7435 | D:8      | Reached XP level 10. HP: 69/80 MP: 0/22
  7556 | D:8      | Found a staircase to the Lair.
  8324 | D:8      | Reached *** piety under Cheibriados
  9246 | D:2      | Killed Sigmund
  9287 | D:2      | Reached **** piety under Cheibriados
  9392 | D:2      | Bought a warped hat for 279 gold pieces
  9392 | D:2      | Identified the +0 hat of Honesty {rC+ Regen+ Int-2} (You
                  | bought it in a shop on level 2 of the Dungeon)
  9588 | D:9      | Noticed a kobold demonologist
  9589 | D:9      | Noticed a kobold demonologist
  9592 | D:9      | Noticed an orange demon
  9594 | D:9      | Killed a kobold demonologist
  9601 | D:9      | Killed a kobold demonologist
  9602 | D:9      | Reached skill level 7 in Axes
  9602 | D:9      | Reached XP level 11. HP: 87/87 MP: 3/23
  9706 | D:9      | Noticed a two-headed ogre
  9713 | D:9      | Killed a two-headed ogre
 10380 | D:9      | Noticed a two-headed ogre
 10390 | D:9      | Killed a two-headed ogre
 10545 | D:10     | Entered Level 10 of the Dungeon
 11553 | D:10     | Reached ***** piety under Cheibriados
 11638 | D:10     | Found a portal to a secret trove of treasure.
 11646 | D:10     | Reached skill level 10 in Short Blades
 12017 | D:10     | Noticed a red ugly thing
 12017 | D:10     | Noticed a red ugly thing
 12045 | D:10     | Killed a red ugly thing
 12050 | D:10     | Killed a cyan ugly thing
 12336 | D:11     | Noticed a two-headed ogre
 12343 | D:11     | Killed a two-headed ogre
 12344 | D:11     | Reached XP level 12. HP: 95/95 MP: 13/25
 12751 | D:11     | Noticed a centaur warrior
 12772 | D:11     | Killed a centaur warrior
 13028 | D:11     | Noticed a boulder beetle
 13031 | D:11     | Killed a boulder beetle
 13032 | D:11     | Reached skill level 8 in Axes
 13175 | Abyss:3  | Cast into level 3 of the Abyss (a wizard)
 13214 | Abyss:3  | Noticed a rakshasa
 13270 | Abyss:3  | Noticed a wretched star
 13300 | Abyss:3  | Killed a wretched star
 13434 | Abyss:3  | Noticed a white very ugly thing
 13453 | Abyss:3  | Noticed a tentacled starspawn
 13457 | Abyss:3  | Noticed an ophan
 13460 | Abyss:3  | Noticed a thrashing horror
 13471 | Abyss:3  | Found a corrupted altar of Lugonu.
 13488 | D:11     | Escaped the Abyss
 13571 | Lair:1   | Entered Level 1 of the Lair of Beasts
 13696 | Lair:1   | Noticed Maggie
 13698 | Lair:1   | Noticed Gastronok
 13934 | Lair:1   | Identified a scroll of acquirement
 13934 | Lair:1   | Acquired RepHenryClay's Vellum of Conflagrant Nausea
 14130 | Lair:1   | You fall into a shaft and drop 1 floor!
 14169 | Lair:1   | Noticed Erica
 14228 | Lair:2   | Found a staircase to the Swamp.
 14262 | Lair:2   | Found a dark tunnel.
 14293 | Volcano  | Entered a volcano
 14325 | Volcano  | Noticed a two-headed ogre
 14325 | Volcano  | Noticed a two-headed ogre
 14325 | Volcano  | Noticed an ogre mage
 14337 | Volcano  | Killed a two-headed ogre
 14337 | Volcano  | Paralysed by something for 4 turns
 14349 | Volcano  | Killed an ogre mage
 14352 | Volcano  | Killed a two-headed ogre
 14353 | Volcano  | Reached skill level 9 in Axes
 14353 | Volcano  | Reached XP level 13. HP: 42/68 MP: 22/26
 14633 | Lair:2   | Reached skill level 10 in Spellcasting
 14677 | Lair:1   | Killed Maggie
 14792 | Lair:1   | Killed Erica
 14815 | Lair:1   | Reached ****** piety under Cheibriados
 15057 | Lair:1   | Killed Gastronok
 15058 | Lair:1   | Reached skill level 10 in Fighting
 15058 | Lair:1   | Reached skill level 10 in Dodging
 16033 | Lair:2   | Learned a level 4 spell: Manifold Assault
 16039 | Lair:2   | Learned a level 5 spell: Alistair's Intoxication
 16045 | Lair:2   | Learned a level 5 spell: Fireball
 16052 | Lair:2   | Learned a level 6 spell: Plasma Beam
 16057 | Lair:2   | Identified the +5 long sword "Ihehaw" {elec, rElec Str-2
                  | Dex+6}
 16488 | Lair:3   | Reached skill level 10 in Axes
 16742 | Lair:3   | Identified the +11 mace of the Illusory Leylines {flame,
                  | rC+ Will+ SInv}
 16849 | Lair:3   | Reached skill level 10 in Invocations
 17009 | Lair:3   | Found a hole to the Spider Nest.
 17730 | Lair:4   | Reached XP level 14. HP: 85/111 MP: 5/28
 19013 | Lair:5   | Entered Level 5 of the Lair of Beasts
 19097 | Lair:5   | Found a staircase to the Slime Pits.
 19245 | Lair:5   | Reached skill level 11 in Axes
 19572 | Lair:5   | Found a runed translucent door.
 19970 | Lair:5   | Learned a level 5 spell: Arcjolt
 20283 | Lair:5   | Reached skill level 10 in Conjurations
 20505 | Lair:5   | Reached skill level 10 in Long Blades
 20505 | Lair:5   | Reached skill level 10 in Maces & Flails
 20505 | Lair:5   | Reached skill level 10 in Polearms
 20505 | Lair:5   | Reached skill level 10 in Staves
 20505 | Lair:5   | Reached skill level 10 in Ranged Weapons
 20505 | Lair:5   | Reached skill level 10 in Throwing
 20505 | Lair:5   | Reached skill level 10 in Armour
 20505 | Lair:5   | Reached skill level 10 in Stealth
 20505 | Lair:5   | Reached skill level 10 in Shields
 20505 | Lair:5   | Reached skill level 10 in Unarmed Combat
 20505 | Lair:5   | Reached skill level 10 in Evocations
 21675 | D:11     | Found Baonnodgh's General Store.
 21677 | D:11     | Found Ceopna's Weapon Emporium.
 21682 | D:11     | Found Xuyph's Antique Armour Emporium.
 22285 | D:12     | Reached XP level 15. HP: 118/118 MP: 30/30
 22294 | D:11     | Bought a translucent leather armour for 245 gold pieces
 22294 | D:11     | Identified the +0 leather armour of the Soldier {rC+ Int-4
                  | SInv} (You bought it in a shop on level 11 of the Dungeon)
 22294 | D:11     | Bought a smoking robe for 199 gold pieces
 22294 | D:11     | Identified the +1 robe of Zoemem {rC++ Str+4 Dex-4} (You
                  | bought it in a shop on level 11 of the Dungeon)
 22381 | D:12     | Found a staircase to the Orcish Mines.
 22641 | D:12     | Noticed Urug
 22650 | D:12     | Killed Urug
 22848 | Orc:1    | Entered Level 1 of the Orcish Mines
 22855 | Orc:1    | Reached skill level 12 in Axes
 22982 | Orc:2    | Entered Level 2 of the Orcish Mines
 23186 | Orc:1    | Noticed Josephine
 23191 | Orc:1    | Killed Josephine
 23450 | Orc:2    | Found a staircase to the Elven Halls.
 23500 | Orc:2    | Found Saoxt's Assorted Antiques.
 23500 | Orc:2    | Found Jeexzud's Jewellery Boutique.
 23502 | Orc:2    | Found Deam's Antique Weapon Boutique.
 23502 | Orc:2    | Found Larobulon's Armour Emporium.
 23664 | Orc:2    | Bought a scroll labelled HUGHOFR QEBYG for 26 gold pieces
 23915 | Orc:2    | Bought the +0 helmet "Ecamisch" {rF+ rC+ Int+3 SInv} for
                  | 576 gold pieces
 24338 | D:13     | Upgraded the game from 0.31-a0-691-g409c26aa35 to
                  | 0.31-a0-700-gf13585253f
 25379 | D:14     | Noticed Frances
 25382 | D:14     | Reached skill level 13 in Axes
 25386 | D:13     | Reached skill level 10 in Shapeshifting
 25516 | D:14     | Noticed Louise
 25536 | D:13     | Killed Frances
 25537 | D:13     | Reached XP level 16. HP: 127/127 MP: 11/31
 25674 | D:14     | Killed Louise
 25899 | D:14     | Found an iron altar of Okawaru.
 26271 | D:14     | Found a gate to the Vaults.
 26634 | D:15     | Entered Level 15 of the Dungeon
 26729 | D:15     | Noticed Kirke
 26738 | D:15     | Killed Kirke
 27835 | D:15     | Reached skill level 14 in Axes
 28097 | D:15     | Found a runed translucent gate.
 28097 | D:15     | Found a runed translucent gate.
 28099 | D:15     | Found a runed translucent gate.
 28101 | D:15     | Noticed Ygoiz's ghost (journeyman TrSh)
 28427 | D:15     | Found a staircase to the Depths.
 28554 | D:15     | Killed Ygoiz's ghost
 28713 | D:15     | Identified the +9 falchion "Lowu" {freeze, Stlth+}
 28715 | D:15     | Identified the +1 broad axe "Orphuopn" {venom, rN+ Str+4}
 28716 | D:15     | Identified the +2 pair of boots of Hinous {*Corrode rElec
                  | rF+}
 28962 | Spider:1 | Entered Level 1 of the Spider Nest
 30049 | Spider:1 | Reached XP level 17. HP: 135/135 MP: 13/33
 31528 | Spider:1 | Reached skill level 10 in Hexes
 31528 | Spider:1 | Reached skill level 10 in Summonings
 31528 | Spider:1 | Reached skill level 10 in Necromancy
 31528 | Spider:1 | Reached skill level 10 in Translocations
 31528 | Spider:1 | Reached skill level 10 in Transmutations
 31528 | Spider:1 | Reached skill level 10 in Fire Magic
 31528 | Spider:1 | Reached skill level 10 in Ice Magic
 31528 | Spider:1 | Reached skill level 10 in Air Magic
 31528 | Spider:1 | Reached skill level 10 in Earth Magic
 31528 | Spider:1 | Reached skill level 10 in Poison Magic
 34114 | Spider:2 | Gained mutation: Your natural rate of healing is unusually
                  | fast. [mutagenic glow]
 34731 | Spider:2 | Learned a level 2 spell: Lesser Beckoning
 35266 | Spider:2 | Reached skill level 15 in Axes
 35847 | Spider:3 | Found a transporter.
 35866 | Spider:3 | Found a transporter.
 36942 | Spider:3 | Noticed Movesim's ghost (adept DjAE)
 37332 | Spider:3 | Killed Movesim's ghost
 37467 | Spider:3 | Upgraded the game from 0.31-a0-700-gf13585253f to
                  | 0.31-a0-702-gf82c85558f
 37496 | Spider:4 | Entered Level 4 of the Spider Nest
 37616 | Spider:3 | Reached XP level 18. HP: 124/143 MP: 23/35
 37822 | Spider:4 | Noticed Mlioglotl
 37855 | Spider:4 | Killed Mlioglotl
 39757 | Spider:4 | Identified the scarf of Sloth {rC+ rF+, Str+5}
 39942 | Spider:4 | Got a gossamer rune of Zot
 40115 | Swamp:1  | Entered Level 1 of the Swamp
 40762 | Swamp:1  | Identified the +7 chain mail "Kisiokle" {rC+ Will+}
 41326 | Elf:1    | Entered Level 1 of the Elven Halls
 41341 | Elf:1    | Reached skill level 16 in Axes
 41609 | Elf:1    | Got the Monograph on Convocation
 41992 | Elf:1    | Found Iklusooq's Armour Shop.
 42367 | Elf:2    | Found Odaittuk's General Store.
 42375 | Elf:2    | Paralysed by an air elemental for 1 turns
 43276 | Elf:2    | Found a runed translucent gate.
 43277 | Elf:2    | Found a runed translucent gate.
 43277 | Elf:2    | Found a runed translucent gate.
 43643 | Elf:2    | Reached XP level 19. HP: 138/151 MP: 0/36
 44130 | Elf:3    | Entered Level 3 of the Elven Halls
 44276 | Elf:3    | Found an ancient bone altar of Kikubaaqudgha.
 45363 | Elf:3    | Found the +2 hood of the Assassin {Detect Stab+ Stlth++}
 45673 | Elf:3    | Identified the +7 scale mail "Amnoukho" {Str+3 Int+2}
 45683 | Elf:3    | Reached skill level 17 in Axes
 45828 | Elf:3    | Identified the +1 hand axe "Eviscerator" {spect, rPois rN+
                  | rCorr Dex+4}
 46113 | Elf:3    | Noticed a Hell Sentinel
 46229 | Elf:3    | Identified the +10 short sword of the Undead {antimagic,
                  | rElec rF- rC++ Str+3}
 46229 | Elf:3    | Identified the +1 robe of Exceptional Miracles {Str+5
                  | Stlth-}
 46229 | Elf:3    | Identified the ring of Wu Jian's Displeasure {rPois Str+2
                  | Int+6}
 46468 | Elf:3    | Acquired the +3 kite shield of Gehenna {rCorr}
 46507 | Elf:3    | Identified the +0 pair of boots of Shadows and Fog {+Blink
                  | Str+7 Slay-4}
 46630 | Elf:3    | Upgraded the game from 0.31-a0-702-gf82c85558f to
                  | 0.31-a0-703-gcfe89afef6
 46961 | Swamp:2  | Noticed Roxanne
 46993 | Swamp:2  | Reached skill level 15 in Short Blades
 47606 | Swamp:3  | Reached XP level 20. HP: 129/160 MP: 38/38
 48139 | Swamp:4  | Entered Level 4 of the Swamp
 48139 | Swamp:4  | Noticed Bai Suzhen
 48151 | Swamp:3  | Killed Bai Suzhen
 48152 | Swamp:3  | Reached skill level 15 in Invocations
 48430 | Swamp:4  | Noticed Mara
 48441 | Swamp:4  | Noticed RepHenryClay's illusion
 48442 | Swamp:4  | Killed Mara
 48923 | Swamp:4  | Got a decaying rune of Zot
 49506 | Vaults:1 | Entered Level 1 of the Vaults
 49518 | Vaults:1 | Reached skill level 18 in Axes
 49603 | Vaults:1 | Noticed Saint Roka
 49622 | Vaults:1 | Killed Saint Roka
 49881 | Vaults:1 | Found a crumbling gateway.
 49938 | Desolati | Entered the Desolation of Salt
 49946 | Desolati | Reached skill level 15 in Spellcasting
 50097 | Desolati | Got the Vellum of Snow-white Lithomancy
 50101 | Desolati | Got Qoceann's Treatise on the Assembled Charnel House
 50149 | Desolati | Reached skill level 15 in Fighting
 50149 | Desolati | Reached skill level 15 in Dodging
 50257 | Desolati | Identified the staff of the Sage {Fly rElec rC+ rN+ Will+
                  | Necro}
 50259 | Desolati | Identified the ring of Sloth {Fire rElec Will+ Str+2 Int+2}
 50261 | Desolati | Identified the +3 plate armour "Owakkash" {Harm rC+}
 50264 | Desolati | Identified the +0 flail of Symmetry {flame, rF- Int+5}
 50367 | Desolati | Identified the ring "Bythefueha" {MP+9 Int-5 Dex+2 Slay+2}
 50465 | Desolati | Identified the staff of Profit {rF+ Int+3 Fire}
 50625 | Desolati | Reached XP level 21. HP: 168/168 MP: 40/40
 50732 | Vaults:1 | Learned a level 4 spell: Vhi's Electric Charge
 50841 | Vaults:1 | You fall into a shaft and drop 1 floor!
 51525 | Vaults:1 | Reached skill level 19 in Axes
 51729 | Vaults:2 | Noticed Nikola
 51750 | Vaults:1 | Killed Nikola
 52009 | Vaults:2 | Got the Incunabulum of Erosion and Sparks
 52011 | Vaults:2 | Identified the +5 scale mail of Meso {Harm rElec Will+}
 52479 | Vaults:2 | Reached skill level 15 in Long Blades
 52479 | Vaults:2 | Reached skill level 15 in Maces & Flails
 52479 | Vaults:2 | Reached skill level 15 in Polearms
 52479 | Vaults:2 | Reached skill level 15 in Staves
 52479 | Vaults:2 | Reached skill level 15 in Ranged Weapons
 52479 | Vaults:2 | Reached skill level 15 in Throwing
 52479 | Vaults:2 | Reached skill level 15 in Armour
 52479 | Vaults:2 | Reached skill level 15 in Stealth
 52479 | Vaults:2 | Reached skill level 15 in Shields
 52479 | Vaults:2 | Reached skill level 15 in Unarmed Combat
 52479 | Vaults:2 | Reached skill level 15 in Evocations
 53311 | Vaults:3 | Reached XP level 22. HP: 163/177 MP: 41/41
 53396 | Vaults:3 | Found a flickering gateway to a bazaar.
 53405 | Bazaar   | Entered a bazaar
 53405 | Bazaar   | Found Ukhlosubb's Magic Scroll Boutique.
 53405 | Bazaar   | Found Tozaow's Assorted Antiques.
 53405 | Bazaar   | Found Orojiqia's Antique Weapon Boutique.
 53405 | Bazaar   | Found Neh Vel's Antique Armour Boutique.
 53405 | Bazaar   | Found Qadab's General Store.
 53405 | Bazaar   | Found Modiqyof's Antique Armour Boutique.
 53429 | Bazaar   | Bought the +3 hat of Pondering {ponderous, Will+ MP+10
                  | Int+5} for 457 gold pieces
 53429 | Bazaar   | Found the +3 hat of Pondering {ponderous, Will+ MP+10
                  | Int+5}
 53442 | Bazaar   | Bought a dented cameo amulet for 145 gold pieces
 53442 | Bazaar   | Bought a potion of heal wounds for 145 gold pieces
 53446 | Bazaar   | Bought a scroll of enchant armour for 82 gold pieces
 53446 | Bazaar   | Bought a scroll of enchant armour for 82 gold pieces
 53446 | Bazaar   | Bought a scroll of fog for 44 gold pieces
 53449 | Bazaar   | Bought the +2 pair of boots of the Monkey's Uncle {rCorr
                  | Str-3 Int+3 Dex+2} for 406 gold pieces
 53449 | Bazaar   | Bought a potion of magic for 104 gold pieces
 53457 | Bazaar   | Bought a shimmering war axe for 255 gold pieces
 53457 | Bazaar   | Identified the +1 war axe of Understanding {protect, Dex+2}
                  | (You bought it in a shop in a bazaar)
 53605 | Vaults:3 | Found a staircase to the Crypt.
 53882 | Vaults:3 | Noticed Mennas
 54085 | Vaults:3 | Identified the +3 flail of an ice cave {pain, Fragile rN+
                  | SInv}
 55200 | Vaults:4 | Identified the staff "Cuzxuq" {rF+ Will+ Int+2 SInv Fire}
 55372 | Vaults:4 | Reached skill level 20 in Axes
 55811 | Vaults:4 | Noticed Boris
 55819 | Vaults:4 | Killed Boris
 56119 | Depths:1 | Entered Level 1 of the Depths
 56369 | Depths:1 | Acquired 827 gold pieces
 56393 | Depths:1 | Found Jivvots's Armour Shop.
 56393 | Depths:1 | Found Qoikhu Hoso's Magic Scroll Boutique.
 56416 | Depths:1 | Bought a scroll of acquirement for 988 gold pieces
 56416 | Depths:1 | Bought a scroll of teleportation for 57 gold pieces
 56416 | Depths:1 | Bought a scroll of revelation for 142 gold pieces
 56416 | Depths:1 | Acquired the +0 pair of boots of Eqyataos {Fly Regen+ Dex+3
                  | Stlth+}
 56771 | Depths:1 | Found a blossoming altar of Fedhas.
 56917 | Depths:1 | Found a gateway to Hell.
 57072 | Depths:2 | Reached XP level 23. HP: 167/184 MP: 32/43
 57158 | Depths:2 | Found a shimmering altar of Xom.
 57432 | Depths:2 | Found Giucer's Magic Scroll Shop.
 57436 | Depths:2 | Bought a scroll of enchant weapon for 142 gold pieces
 57436 | Depths:2 | Bought a scroll of teleportation for 57 gold pieces
 57436 | Depths:2 | Bought a scroll of enchant armour for 142 gold pieces
 57462 | Depths:2 | Found a large runed translucent door.
 57462 | Depths:2 | Found a large runed translucent door.
 57483 | Depths:2 | Found a one-way gate leading to the halls of Pandemonium.
 57564 | Depths:2 | Found a runed translucent gate.
 57618 | Depths:2 | Found a runed translucent gate.
 57618 | Depths:2 | Found a runed translucent gate.
 57643 | Depths:2 | Noticed Xolotl's ghost (veteran DsEE)
 57963 | Depths:2 | Found a viscous altar of Jiyva.
 58202 | Depths:3 | Found a one-way gateway to a ziggurat.
 58257 | Depths:3 | Found a one-way gate to the infinite horrors of the Abyss.
 58390 | Depths:3 | Noticed a golden dragon
 58408 | Depths:3 | Killed a golden dragon
 58435 | Depths:3 | Noticed Norris
 58445 | Depths:3 | Killed Norris
 58770 | Depths:3 | Noticed a caustic shrike
 58796 | Depths:3 | Killed a caustic shrike
 59205 | Depths:3 | Identified the +3 glaive of a treasure trove {holy, *Noise
                  | rF++ rC++}
 59392 | Depths:4 | Entered Level 4 of the Depths
 59508 | Depths:4 | Found a snail-covered altar of Cheibriados.
 59802 | Depths:4 | Reached skill level 21 in Axes
 60030 | Depths:4 | Found a gate to the Realm of Zot.
 60067 | Depths:4 | Reached skill level 15 in Shapeshifting
 60355 | Depths:4 | Noticed Jory
 60362 | Depths:4 | Killed Jory
 61532 | D:10     | You paid a toll of +3 shadow dragon scales to enter a
                  | treasure trove
 61533 | Trove    | Entered a treasure trove
 61545 | Trove    | Identified the amulet of Ungam {Faith rElec Slay+2}
 61547 | Trove    | Identified the ring "Ojogg" {MP+9 AC+4}
 61549 | Trove    | Identified the ring "Lotid" {MP+9 Stlth+}
 61551 | Trove    | Identified the ring "Nokhlen" {rF++ rN+}
 61553 | Trove    | Identified the ring "Gott" {rN+ Will+}
 61555 | Trove    | Identified the ring of Seonufum {rCorr Str+3 Int-4}
 61561 | Trove    | Identified the ring "Umuun" {*Slow rElec MP+9 Dex+3 SInv}
 61779 | Vaults:3 | Killed Mennas
 61780 | Vaults:3 | Reached XP level 24. HP: 111/193 MP: 40/44
 62206 | Swamp:2  | Killed Roxanne
 62484 | Vaults:5 | Entered Level 5 of the Vaults
 62525 | Vaults:5 | Found Gikhuhyu's Antique Weapon Shop.
 62562 | Vaults:5 | Bought a steaming executioner's axe for 495 gold pieces
 62562 | Vaults:5 | Identified the +6 executioner's axe of Heahoa {protect,
                  | rF+} (You bought it in a shop on level 5 of the Vaults)
 62627 | Vaults:5 | Reached skill level 15 in Conjurations
 62711 | Vaults:5 | Identified the +7 triple sword "Voute" {spect, rPois rN+}
 62744 | Vaults:5 | Noticed a dread lich
 62750 | Vaults:5 | Killed a dread lich
 63063 | Vaults:5 | Noticed Boris
 63079 | Vaults:5 | Killed Boris
 63192 | Vaults:5 | Reached skill level 22 in Axes
 63281 | Vaults:5 | Identified the +0 leather armour "Etifar" {Dex+5}
 63289 | Vaults:5 | Identified the ring of Zudu {Wiz Fly Dex+3}
 63537 | Vaults:5 | Reached XP level 25. HP: 202/202 MP: 44/44
 63646 | Vaults:5 | Got a silver rune of Zot
 63876 | Vaults:5 | Acquired 371 gold pieces
 64316 | D:4      | Bought the +7 lajatang of Order {silver, rMut} for 1878
                  | gold pieces
 64316 | D:4      | Found the +7 lajatang of Order {silver, rMut}
 64639 | Zot:1    | Entered Level 1 of the Realm of Zot
 64888 | Zot:1    | Learned a level 8 spell: Ignition
 64897 | Zot:1    | Learned a level 8 spell: Maxwell's Capacitive Coupling
 64914 | Zot:1    | Learned a level 8 spell: Lehudib's Crystal Spear
 65022 | Zot:1    | Noticed Parghit
 65031 | Zot:1    | Killed Parghit
 65180 | Zot:1    | Found a runed translucent door.
 65180 | Zot:1    | Noticed Toid's ghost (veteran OgBe)
 65191 | Zot:1    | Killed Toid's ghost
 65194 | Zot:1    | Got Vehumet's Essays on Fulmination
 65737 | Zot:2    | Found the ring of the Tortoise {AC+8}
 65750 | Zot:2    | Found a runed translucent gate.
 65750 | Zot:2    | Found a runed translucent gate.
 65750 | Zot:2    | Found a runed translucent gate.
 65769 | Zot:2    | Found an opulent altar of Gozag.
 65771 | Zot:2    | Found Lotepp's Assorted Antiques.
 65773 | Zot:2    | Found Womac's Assorted Antiques.
 65773 | Zot:2    | Noticed Ygyeth Femmu's ghost (veteran MiBe)
 65867 | Zot:2    | Noticed an orb of fire
 65879 | Zot:2    | Gained mutation: You are clumsy. (Dex -2) [an orb of fire]
 65883 | Zot:2    | Killed an orb of fire
 65916 | Zot:2    | Upgraded the game from 0.31-a0-703-gcfe89afef6 to
                  | 0.31-a0-705-ga145531891
 65919 | Zot:2    | HP: 8/203 [frost giant/bolt of cold (29)]
 66582 | Zot:2    | Reached skill level 15 in Hexes
 66582 | Zot:2    | Reached skill level 15 in Summonings
 66582 | Zot:2    | Reached skill level 15 in Necromancy
 66582 | Zot:2    | Reached skill level 15 in Translocations
 66582 | Zot:2    | Reached skill level 15 in Transmutations
 66582 | Zot:2    | Reached skill level 15 in Fire Magic
 66582 | Zot:2    | Reached skill level 15 in Ice Magic
 66582 | Zot:2    | Reached skill level 15 in Air Magic
 66582 | Zot:2    | Reached skill level 15 in Earth Magic
 66582 | Zot:2    | Reached skill level 15 in Poison Magic
 66777 | Zot:2    | Found a glowing silver altar of Zin.
 66868 | Zot:2    | Reached skill level 23 in Axes
 67105 | Zot:2    | Reached XP level 26. HP: 211/211 MP: 45/45
 68249 | Zot:2    | Found a runed translucent gate.
 68474 | Zot:2    | Found a glowing silver altar of Zin.
 68651 | Zot:2    | Found a runed translucent gate.
 69019 | Zot:2    | Found a runed translucent gate.
 69019 | Zot:2    | Found an opulent altar of Gozag.
 69139 | Zot:2    | Found Womac's Assorted Antiques.
 69139 | Zot:2    | Found Lotepp's Assorted Antiques.
 69392 | Zot:2    | Killed Ygyeth Femmu's ghost
 69510 | Zot:2    | Bought a scroll of teleportation for 144 gold pieces
 69511 | Zot:2    | Bought a potion of heal wounds for 115 gold pieces
 69511 | Zot:2    | Bought a potion of heal wounds for 115 gold pieces
 70029 | Zot:3    | Found a transporter.
 70029 | Zot:3    | Noticed a dread lich
 70030 | Zot:3    | Found a transporter.
 70096 | Zot:3    | Found a transporter.
 70096 | Zot:3    | Found a transporter.
 70156 | Zot:3    | Found a transporter.
 71552 | Zot:4    | Noticed a juggernaut
 71577 | Zot:4    | Killed a juggernaut
 71835 | Zot:4    | Noticed an ancient lich
 71841 | Zot:4    | Killed an ancient lich
 72925 | Zot:5    | Entered Level 5 of the Realm of Zot
 73343 | Slime:1  | Entered Level 1 of the Pits of Slime
 74365 | Slime:2  | Paralysed by a formless jellyfish for 1 turns
 74457 | Slime:2  | You are sucked into a shaft and drop 1 floor!
 74551 | Slime:2  | Paralysed by a floating eye for 3 turns
 75557 | Slime:4  | Reached skill level 24 in Axes
 75561 | Slime:4  | Reached XP level 27. HP: 220/220 MP: 30/45
 76132 | Slime:5  | Entered Level 5 of the Pits of Slime
 76305 | Slime:5  | Found a viscous altar of Jiyva.
 76305 | Slime:5  | Noticed the Royal Jelly
 76318 | Slime:5  | Paralysed by a floating eye for 3 turns
 76326 | Slime:5  | HP: 2/220 [acid blob (36)]
 76326 | Slime:5  | Splashed by an acid blob's acid

Illustrated notes

Levels and vault maps discovered:
D:1:      erik_arrival_cave_to_civilisation [erik_arrival_cave_to_hall],
          layout_basic, serial_bayou_pond_c
D:2:      layout_loops_cross, serial_shops, nicolae_shop_window_shopping,
          nicolae_shop_bloodbath_and_beyond, minmay_pentomino_r4, uniq_sigmund
D:3:      layout_basic, nicolae_overflow_hidden_temple, serial_shops,
          nicolae_shop_just_a_little_nook, grunt_ministairs_14,
          grunt_decor_fettered
D:4:      layout_rooms, mainiacjoe_overflow_brackets, serial_shops, shop, shop,
          nicolae_lakefront_shop
D:5:      layout_basic, minmay_temple_entry_statues_fountains, uniq_duvessa
D:6:      layout_basic, nicolae_ru_path_of_blood, enter_ossuary_1, uniq_jeremiah
D:7:      layout_rooms, hellmonk_ghost_happy_afterlife, kennysheep_path_1
D:8:      corexii_shantytown, layout_basic, lair_entry_dummy, uniq_pikel
D:9:      layout_basic
D:10:     minmay_chambers_of_sevens, layout_irregular_city,
          nicolae_trove_entry_path_of_doom
D:11:     minmay_wavy_crystal, layout_cave_pools,
          nicolae_shop_distant_corner_stores, lightli_wizard_tower
D:12:     layout_rooms, minmay_orc_entry_temple_small, drop_trap, uniq_urug
D:13:     layout_rooms
D:14:     layout_cave_pools, david_vaults_5, okawaru_metal_pillars_1_2,
          minmay_fractal_squares_5, uniq_louise, uniq_frances
D:15:     gammafunk_enter_depths_forms, layout_loops_ring,
          gammafunk_ghost_hydra_chop, nicolae_water_bricks,
          lemuel_flamethrower_2, uniq_kirke
Temple:   hellmonk_temple_divided_pantheon
Lair:1:   lemuel_ratsnest, layout_regular_city, gauntlet_entry_generic,
          st_stairs_5, grunt_megastairs_4, lemuel_fruit_fields, uniq_gastronok,
          uniq_erica, uniq_maggie
Lair:2:   layout_regular_city, swamp_mist_pool, nicolae_volcano_entry_batcave
Lair:3:   layout_cave_pods, spider_nest_entry_rubble,
          grunt_forest_stairs_clearing, grunt_megastairs_2
Lair:4:   layout_misc_corridors, lemuel_fruit_fields, serial_bayou_shore_b,
          grunt_megastairs_5
Lair:5:   wormcave, layout_loops_ring, guppyfry_lair_end_dragon, slime_entry_1,
          serial_bayou_shore_a
Swamp:1:  layout_basic_swamp, evilmike_swamp_ruin_wall, swamp_pool3,
          infiniplex_staircase_pool
Swamp:2:  layout_basic_swamp, evilmike_swamp_ruin_house_3, uniq_roxanne
Swamp:3:  layout_falls_marsh, nicolae_swamp_rocky_clearing,
          nicolae_swamp_oxbows, infiniplex_staircase_pool_2
Swamp:4:  swamp_basic_johnstein, layout_basic_swamp, swamp_pool5,
          cheibrodos_swamp_witchery, uniq_mara, uniq_bai_suzhen
Spider:1: layout_chambers, guppyfry_hornet_nest
Spider:2: layout_cave_pods, nicolae_spider_solar_radiation,
          hangedman_spider_tarantella_strand
Spider:3: layout_spider_delve, gammafunk_ghost_mausoleum
Spider:4: grunt_spider_rune_circles, special_room [special_room_bee],
          uniq_mlioglotl
Slime:1:  layout_caves, nicolae_slime_barrier
Slime:2:  layout_caves
Slime:3:  layout_caves
Slime:4:  nicolae_slime_jelly_donut, layout_caves,
          nicolae_slime_rock_hall_of_fame
Slime:5:  slime_pit_nicolae_block_by_block
Orc:1:    layout_caves, uniq_josephine
Orc:2:    st_orc_ogre_mass, layout_caves
Elf:1:    nicolae_elf_arrival_fired_up, layout_gridlike, serial_shops,
          nicolae_shop_pleasant_corner_grove, minmay_elf_demonology
Elf:2:    nicolae_elf_blades_splatter_lattice [nicolae_blade_lattice],
          layout_geoelf_grid, serial_shops, shop
Elf:3:    minmay_elf_hall_x, layout_geoelf_diagonals, basic_altar,
          nicolae_twisty_statue_hallways
Vaults:1: portal_desolation_entry_ruin, v_misc_17, nicolae_vaults_circle_grid_b,
          v_misc_5, nicolae_vaults_closet_pinwheel_5,
          nicolae_vaults_storage_closets_3, v_misc_16,
          nicolae_vaults_hallways_thing, grunt_vaults_hallway_short,
          nicolae_vaults_sightless_eye, nicolae_vaults_heart-shaped_vault,
          v_alt_pattern_6, vaults_room_pool,
          nicolae_vaults_trapezoid_lopsided_2, vaults_room_glass_cross,
          layout_vaults_maze_snakey, uniq_saint_roka
Vaults:2: nicolae_vaults_doubleplus_tesselated, vaults_standard_mumra_x,
          v_misc_22, ontoclasm_vaults_twist, v_misc_12,
          nicolae_vaults_shelves_hall, nicolae_vaults_mini_display_case,
          nicolae_vaults_layer_cake_slice, layout_vaults_omnigrid, uniq_nikola
Vaults:3: nicolae_vaults_stairing_the_circle, minmay_crypt_entry_nasty_monster,
          nicolae_vaults_storage_closets_2, hangedman_vaults_variations,
          nicolae_vaults_circle_grid_b, nicolae_vaults_trapezoid_lopsided_3,
          v_misc_16, v_misc_5, nicolae_vaults_whirlpool_walls, vaults_dpeg_ring,
          serial_ice_m, nicolae_vaults_storage_closets_1,
          nicolae_vaults_tetromino_L_1, v_pattern_5, nicolae_vaults_trapezoid_1,
          nicolae_vaults_trapezoid_lopsided_3, vaults_dpeg_cross,
          layout_vaults_omnibox, serial_shops, bzr_entry_safe, uniq_mennas,
          uniq_margery
Vaults:4: vaults_mumra_hexcomb, v_misc_30, v_misc_2, nicolae_vaults_stand_back,
          grunt_vaults_swirl, v_misc_1, layout_vaults_big_room, uniq_boris
Vaults:5
Depths:1: layout_cave_shapes, fedhas_altar_3, hangedman_geh_valley,
          hangedman_decor_peaks_small, kennysheep_kite_vault, minmay_shoptagon
Depths:2: lightli_eight_chambers, layout_long_grid, hell_entry,
          gammafunk_ghost_ooze, pan_entry, serial_shops,
          nicolae_shop_back_alley_shop, xom_teletrap_fun,
          chequers_serial_rivers_small_3, kennysheep_generic_room_10,
          infiniplex_staircase_pillars_3b
Depths:3: kennysheep_large_spiral, layout_basic, enter_ziggurat_f,
          minmay_room_of_horrors, hell_entry, uniq_norris
Depths:4: grunt_x_marks_the_spot, layout_honeycomb, pan_entry, abyss_entry,
          grunt_decor_cap, hell_entry, cheibriados_altar_1, uniq_jory,
          uniq_josephina
Zot:1:    layout_misc_corridors, gammafunk_ghost_grave, uniq_parghit
Zot:2:    hangedman_zot_vaults_quadrants, layout_cathedral_of_symmetry,
          basic_altar, ebering_ghost_gozag
Zot:3:    gammafunk_the_bubble [the_bubble_gammafunk_roulette],
          layout_misc_corridors
Zot:4:    ebering_greatest_show_in_zot, layout_twisted_circle,
          grunt_megastairs_1
Zot:5:    layout_misc_corridors

Skill      XL: |  1  2  3  4  5  6  7  8  9 10 11 12 13 14 15 16 17 18 19 20 21 22 23 24 25 26 27 |
---------------+----------------------------------------------------------------------------------+-----
Spellcasting   | 5 7 8 9 10 11 12 13 14 15 16 17 18 19 | 19.0
Invocations    | 1 2 5 6 7 8 9 10 11 12 13 14 15 16 17 18 19 | 19.9
Long Blades    | 1 2 5 6 7 8 9 10 11 12 13 14 15 16 17 18 | 18.4
Axes           | 1 2 5 6 7 9 10 11 13 14 15 16 17 18 19 20 21 22 23 24 | 24.0
Maces & Flails | 1 2 5 6 7 8 9 10 11 12 13 14 15 16 17 18 | 18.4
Polearms       | 1 2 5 6 7 8 9 10 11 12 13 14 15 16 17 18 | 18.4
Staves         | 1 2 5 6 7 8 9 10 11 12 13 14 15 16 17 18 | 18.4
Ranged Weapons | 1 2 5 6 7 8 9 10 11 12 13 14 15 16 17 18 | 18.4
Throwing       | 1 2 5 6 7 8 9 10 11 12 13 14 15 16 17 18 | 18.4
Armour         | 1 2 5 6 7 8 9 10 11 12 13 14 15 16 17 18 | 18.4
Stealth        | 1 2 5 6 7 8 9 10 11 12 13 14 15 16 17 18 | 18.4
Shields        | 1 2 5 6 7 8 9 10 11 12 13 14 15 16 17 18 | 18.4
Unarmed Combat | 1 2 5 6 7 8 9 10 11 12 13 14 15 16 17 18 | 18.4
Evocations     | 1 2 5 6 7 8 9 10 11 12 13 14 15 16 17 18 | 18.4
Shapeshifting  | 1 2 4 5 6 7 8 9 10 11 12 13 14 15 16 17 | 17.0
Hexes          | 1 4 5 6 7 8 9 10 11 12 13 14 15 | 15.7
Summonings     | 1 4 5 6 7 8 9 10 11 12 13 14 15 | 15.7
Necromancy     | 1 4 5 6 7 8 9 10 11 12 13 14 15 | 15.7
Translocations | 1 4 5 6 7 8 9 10 11 12 13 14 15 | 15.7
Transmutations | 1 4 5 6 7 8 9 10 11 12 13 14 15 | 15.7
Fire Magic     | 1 4 5 6 7 8 9 10 11 12 13 14 15 | 15.7
Ice Magic      | 1 4 5 6 7 8 9 10 11 12 13 14 15 | 15.7
Air Magic      | 1 4 5 6 7 8 9 10 11 12 13 14 15 | 15.7
Earth Magic    | 1 4 5 6 7 8 9 10 11 12 13 14 15 | 15.7
Poison Magic   | 1 4 5 6 7 8 9 10 11 12 13 14 15 | 15.7
Fighting       | 5 7 8 9 10 11 12 13 14 15 16 17 18 | 18.9
Dodging        | 5 7 8 9 10 11 12 13 14 15 16 17 18 | 18.9
Short Blades   | 8 9 10 11 12 13 14 15 16 17 18 19 | 19.3
Conjurations   | 7 8 9 10 11 12 13 14 15 16 | 16.5

Action                     |  1- 3 |  4- 6 |  7- 9 | 10-12 | 13-15 | 16-18 | 19-21 | 22-24 | 25-27 || total
---------------------------+-------+-------+-------+-------+-------+-------+-------+-------+-------++-------
  Melee: Short sword       |   123 |   418 |    29 |    18 |       |       |       |       |       ||   588
         Bite              |     7 |    53 |     7 |    60 |   169 |   169 |   237 |   227 |   224 ||  1153
         Punch             |       |     6 |     1 |     3 |       |       |       |       |       ||    10
         Dagger            |       |       |    36 |   152 |    64 |     6 |       |       |       ||   258
         Trident           |       |       |       |    45 |       |       |       |       |       ||    45
         Falchion          |       |       |       |    33 |       |       |       |       |       ||    33
         Whip              |       |       |       |   198 |   130 |       |       |       |       ||   328
         Mace              |       |       |       |       |   680 |   829 |   361 |    19 |       ||  1889
         Long sword        |       |       |       |       |    88 |       |       |       |       ||    88
         Broad axe         |       |       |       |       |    93 |       |   833 |   336 |       ||  1262
         Demon trident     |       |       |       |       |       |       |       |   587 |    18 ||   605
         Eudemon blade     |       |       |       |       |       |       |       |   145 |   501 ||   646
         Triple sword      |       |       |       |       |       |       |       |   114 |    11 ||   125
         Lajatang          |       |       |       |       |       |       |       |       |   468 ||   468
  Throw: Dart              |       |       |     4 |    79 |    51 |   114 |    26 |     5 |     6 ||   285
   Cast: Kiss of Death     |     2 |     3 |       |     5 |       |       |       |       |       ||    10
         Momentum Strike   |       |     7 |     2 |     1 |       |       |       |       |       ||    10
         Stone Arrow       |       |    12 |    65 |   112 |    64 |   344 |    81 |     3 |       ||   681
         Iskenderun's Batt |       |       |     5 |    36 |    36 |    82 |    23 |     1 |       ||   183
         Manifold Assault  |       |       |       |       |    16 |    12 |       |       |     4 ||    32
         Plasma Beam       |       |       |       |       |     9 |    27 |    18 |    90 |    14 ||   158
         Fireball          |       |       |       |       |    14 |    12 |    14 |    18 |     1 ||    59
         Arcjolt           |       |       |       |       |    21 |    25 |     6 |    73 |    10 ||   135
         Alistair's Intoxi |       |       |       |       |    11 |     5 |       |     1 |     1 ||    18
         Vhi's Electric Ch |       |       |       |       |       |       |    17 |    15 |     6 ||    38
         Lesser Beckoning  |       |       |       |       |       |       |     2 |    33 |    30 ||    65
         Maxwell's Capacit |       |       |       |       |       |       |       |       |    31 ||    31
         Ignition          |       |       |       |       |       |       |       |       |    41 ||    41
         Lehudib's Crystal |       |       |       |       |       |       |       |       |     2 ||     2
 Invoke: Slouch            |       |       |       |     1 |       |     3 |       |       |       ||     4
         Bend Time         |       |       |       |       |       |     1 |     1 |     1 |     3 ||     6
Ability: Begin Untransform |       |       |       |       |       |       |       |       |     1 ||     1
  Evoke: Wand              |       |       |       |     7 |    12 |       |    10 |       |     5 ||    34
         Condenser vane    |       |       |       |     1 |     2 |     2 |     1 |     1 |       ||     7
         Lightning rod     |       |       |       |       |       |     3 |    10 |     4 |       ||    17
    Use: Potion            |       |     5 |     3 |     2 |       |       |     5 |     4 |    12 ||    31
         Scroll            |       |     6 |     5 |    10 |     9 |     8 |     7 |    16 |    14 ||    75
   Stab: Sleeping          |       |     2 |     4 |    20 |    10 |    10 |    34 |     9 |     7 ||    96
         Paralysed         |       |       |       |     2 |     1 |       |       |       |       ||     3
         Distracted        |       |       |       |       |     2 |     4 |     2 |     7 |     1 ||    16
         Confused          |       |       |       |       |     5 |       |       |     5 |     1 ||    11
         Invisible         |       |       |       |       |       |       |    10 |       |       ||    10
 Armour: Leather armour    |    28 |   132 |    16 |    48 |       |   179 |       |       |       ||   403
         Ring mail         |       |     4 |       |       |       |       |       |       |       ||     4
         Skin              |       |     2 |       |       |       |       |       |   171 |    47 ||   220
         Robe              |       |       |    20 |   100 |   203 |   118 |       |       |       ||   441
         Acid dragon scale |       |       |       |       |    58 |       |       |       |       ||    58
         Chain mail        |       |       |       |       |       |    84 |    60 |       |       ||   144
         Quicksilver drago |       |       |       |       |       |       |   356 |   229 |   373 ||   958
  Dodge: Dodged            |    65 |   220 |    62 |   395 |  1161 |  1183 |   859 |   780 |   991 ||  5716
         Repelled          |       |       |       |     5 |     3 |     3 |       |       |       ||    11
  Block: Buckler           |       |       |       |   152 |   488 |   773 |    76 |       |       ||  1489
         Reflection        |       |       |       |       |       |    18 |    58 |    46 |     8 ||   130
         Kite shield       |       |       |       |       |       |       |  1232 |   931 |   500 ||  2663
         Other             |       |       |       |       |       |       |       |    54 |    84 ||   138
   Form: Statue            |       |       |       |       |       |       |       |     1 |       ||     1

Table legend: (Time is in decaauts)
 A = Elapsed time spent in this place.
 B = Non-inter-level travel time spent in this place.
 C = Inter-level travel time spent in this place.
 D = Time resting spent in this place.
 E = Time spent auto-exploring this place.
 F = Levels seen in this place.
 G = Mean time per level.
                   A        B        C        D        E       F      G
               +--------+--------+--------+--------+--------+-----+--------+
         Total | 114189 |  98975 |  15214 |   5731 |  75143 |  59 | 1935.4 |
       Dungeon |  27935 |  21366 |   6569 |   1821 |  15750 |  15 | 1862.3 |
        Temple |     30 |     17 |     13 |      0 |      0 |   1 |   30.0 |
          Lair |  13596 |  11074 |   2522 |    267 |   8527 |   5 | 2719.2 |
         Swamp |   5767 |   5285 |    482 |    330 |   3790 |   4 | 1441.8 |
   Spider Nest |  15894 |  14334 |   1560 |    737 |  11928 |   4 | 3973.5 |
    Slime Pits |   3551 |   3422 |    129 |    393 |   2585 |   5 |  710.2 |
  Orcish Mines |   2480 |   2048 |    432 |      0 |   1840 |   2 | 1240.0 |
   Elven Halls |   8025 |   7085 |    940 |    328 |   5602 |   3 | 2675.0 |
        Vaults |  13279 |  11940 |   1339 |    457 |   8764 |   5 | 2655.8 |
        Depths |   7638 |   7148 |    490 |    337 |   5620 |   4 | 1909.5 |
           Zot |  13352 |  12619 |    733 |    902 |   9844 |   5 | 2670.4 |
         Abyss |    453 |    453 |      0 |     70 |     28 |   1 |  453.0 |
        Bazaar |     98 |     98 |      0 |      0 |     44 |   1 |   98.0 |
         Trove |     87 |     87 |      0 |      0 |      0 |   1 |   87.0 |
       Ossuary |    494 |    494 |      0 |      2 |    188 |   1 |  494.0 |
       Volcano |    415 |    415 |      0 |     19 |    246 |   1 |  415.0 |
    Desolation |   1089 |   1089 |      0 |     64 |    384 |   1 | 1089.0 |
               +--------+--------+--------+--------+--------+-----+--------+

Top non-repeatable levels by time:
   Zot:2: 6827 daAuts
Spider:1: 6216 daAuts
   Elf:3: 3658 daAuts
  Lair:5: 3628 daAuts
Spider:2: 3530 daAuts
   Zot:4: 3410 daAuts
Vaults:5: 3403 daAuts
    D:15: 3204 daAuts
    D:14: 3165 daAuts
Spider:3: 3156 daAuts
Spider:4: 2991 daAuts
  Lair:1: 2957 daAuts
  Lair:3: 2852 daAuts
Vaults:2: 2719 daAuts
    D:10: 2690 daAuts
